 Dungeon Crawl Stone Soup version 0.32-a0-986-ga09f62fbf4 (webtiles) character file.

Game seed: 2739536565855432933

70 shadizar the Shooter (level 3, 0/29 HPs)
             Began as a Demigod Hunter on Apr 21, 2024.
             Slain by an adder (1 damage)
             ... on level 2 of the Dungeon.
             The game lasted 00:01:06 (738 turns).

shadizar the Shooter (Demigod Hunter)                Turns: 738, Time: 00:01:07

Health: 0/29       AC:  3    Str: 12    XL:     3   Next: 76%
Magic:  5/5        EV: 11    Int: 11    God:
Gold:   31         SH:  0    Dex: 21    Spells: 2/2 levels left

rFire   . . .        a - +0 shortbow
rCold   . . .        (shield currently unavailable)
rNeg    . . .        c - +0 leather armour
rPois   .            (no helmet)
rElec   .            (no cloak)
rCorr   .            (no gloves)
SInv    .            (no boots)
Will    .....        (no amulet)
Stlth   ++           (no ring)
HPRegen 0.24/turn    (no ring)
MPRegen 0.09/turn

%: no passive effects
@: lethally poisoned (0 -> -1)
A: high MP 1, forlorn, divine attributes
a: no special abilities


You were on level 2 of the Dungeon.
You visited 1 branch of the dungeon, and saw 2 of its levels.

You collected 31 gold pieces.

Inventory:

Hand Weapons
 a - a +0 shortbow (weapon)
Armour
 c - a +0 leather armour (worn)
Scrolls
 b - a scroll of butterflies
 d - 2 scrolls of enchant armour {unknown}
 f - 3 scrolls of identify {unknown}
 g - 2 scrolls of fog {unknown}
 i - a scroll of blinking {unknown}
 j - a scroll of enchant weapon {unknown}
 l - a scroll of noise {unknown}
Potions
 e - a potion of curing {unknown}
 h - a potion of heal wounds {unknown}
 k - a potion of enlightenment {unknown}


   Skills:
 + Level 2.2 Fighting
 * Level 4.2 Ranged Weapons
 + Level 1.1 Armour
 + Level 2.2 Dodging
 + Level 1.7 Stealth


You had 2 spell levels left.
You didn't know any spells.
Your spell library was empty.

Dungeon Overview and Level Annotations

Branches:
Dungeon (2/15)

Annotations:
D:2 Terence


Innate Abilities, Weirdness & Mutations

You have an increased reservoir of magic. (+10% MP)
You shall have no god before yourself.
Your divine heritage dramatically boosts your attributes as you level up.


Message History

Unknown command.
You shoot an arrow.
The arrow hits Terence but does no damage.
Terence is lightly wounded.
Terence hits you with a +0 trident!
You are too injured to fight recklessly!
You are too injured to fight recklessly!
Unknown command.
Terence hits you with a +0 trident. The ogre closely misses you.
You climb downwards.
There is a stone staircase leading up here.
Unknown command.
Terence hits you from afar with a +0 trident.
* * * LOW HITPOINT WARNING * * *
The ogre attacks as it pursues you! The ogre closely misses you.
The dart slug barely misses you.
An adder comes into view.
Terence shouts, "DIE!!!"
Terence attacks as he pursues you! Terence closely misses you.
Found a scale mail.
The adder hisses angrily.
The dart slug launches a dart at you. The slug dart misses you.
Terence says, "Don't bother to defend, it's senseless."
Terence asks, "Do you want it fast or slow?"
The adder bites you but does no damage.
Found a scale mail.
The adder attacks as it pursues you! The adder bites you.
* * * LOW HITPOINT WARNING * * *
You are lethally poisoned!
The adder poisons you!
* * * LOW HITPOINT WARNING * * *
You feel sick. The adder bites you but does no damage.
* * * LOW HITPOINT WARNING * * *
You feel sick.
* * * LOW HITPOINT WARNING * * *
You feel sick.
* * * LOW HITPOINT WARNING * * *
You feel sick. The adder bites you.
You die...

#+# .... ##+##.[.. ...
#........ ##.....####
#@....... #.........#
#S.[.....
#.........####O.......
#.....................
#.................##+#
#...†)............#
#..........w......#
#...<.............#
#.................+


You could see an ogre and an adder.

Vanquished Creatures
  Jessica (D:1)
  An adder (D:2)
  A dart slug (D:1)
  4 ball pythons (D:1)
  2 endoplasms (D:1)
  2 giant cockroaches (D:1)
  3 goblins (D:1)
  6 hobgoblins
  3 kobolds (D:1)
  3 quokkas (D:1)
  A bat (D:1)
  A frilled lizard (D:1)
  2 rats (D:1)
30 creatures vanquished.

Notes
Turn   | Place    | Note
-------+----------+-------------------------------------------
     0 | D:1      | shadizar the Demigod Hunter began the quest for the Orb.
     0 | D:1      | Reached XP level 1. HP: 17/17 MP: 3/3
    41 | D:1      | Reached skill level 1 in Stealth
    85 | D:1      | Reached XP level 2. HP: 8/24 MP: 4/4
   501 | D:1      | Reached skill level 4 in Ranged Weapons
   589 | D:1      | Reached XP level 3. HP: 29/29 MP: 5/5
   644 | D:2      | Noticed Terence
   646 | D:2      | Noticed Jessica
   652 | D:2      | Noticed an ogre
   660 | D:1      | Killed Jessica
   661 | D:1      | Reached skill level 1 in Armour
   738 | D:2      | HP: 1/29 [poisoned by an adder]
   738 | D:2      | Slain by an adder

Illustrated notes

Levels and vault maps discovered:
D:1:      mushboom_english_gardens, layout_basic
D:2:      layout_basic, kennysheep_crisscross, uniq_jessica, uniq_terence

Skill      XL: |  1  2  3 |
---------------+----------+-----
Stealth        | 1 |  1.7
Dodging        | 2 |  2.2
Fighting       | 2 |  2.2
Ranged Weapons | 4 |  4.2
Armour         | 1 |  1.1

Action                     || total
---------------------------++-------
   Fire: Shortbow          ||    78
 Armour: Leather armour    ||    33
  Dodge: Dodged            ||    36

Table legend: (Time is in decaauts)
 A = Elapsed time spent in this place.
 B = Non-inter-level travel time spent in this place.
 C = Inter-level travel time spent in this place.
 D = Time resting spent in this place.
 E = Time spent auto-exploring this place.
 F = Levels seen in this place.
 G = Mean time per level.
                   A        B        C        D        E       F      G
               +--------+--------+--------+--------+--------+-----+--------+
         Total |    760 |    726 |     34 |      0 |    557 |   2 |  380.0 |
       Dungeon |    760 |    726 |     34 |      0 |    557 |   2 |  380.0 |
               +--------+--------+--------+--------+--------+-----+--------+

Top non-repeatable levels by time:
     D:1: 733 daAuts
     D:2: 27 daAuts
